Map: Lightshade LE

Players

A.I. 1 (Elite)

  • Race: Protoss Protoss

Profesora - Winner!

  • Race: Terran Terran

VOD

Have the link to the VOD?

Description

Time

  • Played on: July 6, 2021, 2:59 p.m.
  • Length: 7:59
Show
View Real Time Build Order
Export as new Build Order

A.I. 1 (Elite) Protoss 

Build Orders: 1 Gate Expand 

Get SALT Encoding   

  12  0:00  Probe  
  13  0:13  Probe  
  14  0:19  Pylon  
  14  0:25  Probe  
  15  0:33  Probe  
  15  0:41  Probe  
  16  0:47  Assimilator  
  17  0:50  Gateway  
  17  0:51  Probe  
  18  1:00  Probe, Pylon  
  19  1:08  Probe  
  19  1:18  Probe  
  21  1:30  Probe  
  22  1:36  Nexus  
  22  1:42  Probe  
  22  1:45  Zealot  
  25  1:58  Cybernetics Core  
  25  2:08  Gateway  
  25  2:14  Zealot  
  25  2:15  Pylon  
  25  2:21  Probe  
  28  2:33  Adept, Probe, Assimilator  
  28  2:34  Warp Gate  
  31  2:45  Probe  
  31  2:50  Adept, Probe  
  35  3:00  Pylon  
  35  3:02  Probe  
  36  3:07  Adept  
  39  3:12  Probe  
  39  3:15  Sentry  
  39  3:21  Probe  
  39  3:25  Probe  
  43  3:33  Probe  
  44  3:35  Robotics Facility  
  44  3:37  Probe, Stalker  
  47  3:45  Adept, Probe  
  47  3:46  Probe  
  49  3:54  Probe  
  50  3:57  Probe  
  52  4:03  Probe  
  52  4:06  Pylon  
  52  4:07  Adept, Probe  
  56  4:15  Probe x2  
  57  4:23  Probe, Stalker  
  60  4:25  Immortal  
  60  4:27  Pylon  
  60  4:29  Probe  
  66  4:35  Probe  
  67  4:41  Probe  
  67  4:43  Robotics Facility  
  67  4:44  Stalker  
  70  4:47  Stalker  
  72  4:55  Immortal, Probe  
  72  4:57  Probe  
  74  5:01  Pylon  
  78  5:07  Pylon  
  78  5:19  Stalker x2  
  78  5:20  Probe x2  
  84  5:25  Assimilator  
  84  5:28  Twilight Council  
  84  5:31  Pylon  
  84  5:36  Assimilator  
  84  5:45  Gateway  
  84  5:47  Probe  
  85  5:53  Zealot  
  85  5:55  Probe  
  87  5:59  Probe  
  87  6:02  Pylon  
  87  6:03  Probe  
  89  6:09  Dark Shrine  
  90  6:12  Stalker  
  90  6:16  Stalker  
  94  6:24  Pylon  
  94  6:27  Nexus  
  94  6:33  Zealot  
  94  6:35  Zealot  
  94  6:39  Zealot  
  100  6:41  Forge  
  100  6:49  Pylon  
  100  6:50  Zealot  
  102  6:55  Sentry  
  102  6:59  Zealot  
  98  7:07  Zealot  
  62  7:12  Observer  
  63  7:18  Zealot  
  63  7:19  Zealot  
  63  7:21  Stalker  
  42  7:34  Adept  
  34  7:37  Probe  
  34  7:39  Stalker  
  34  7:42  Dark Templar  
Show
View Real Time Build Order
Export as new Build Order

Profesora Terran - Winner!

Build Orders:  

Get SALT Encoding   

  12  0:00  SCV  
  13  0:12  SCV  
  14  0:17  Supply Depot  
  14  0:24  SCV  
  15  0:39  SCV  
  15  0:40  Barracks  
  16  0:45  Refinery  
  16  0:51  SCV  
  17  1:03  SCV  
  18  1:15  SCV  
  19  1:27  Orbital Command  
  19  1:29  Barracks Reactor  
  19  1:42  Command Center  
  19  1:52  Barracks  
  19  1:55  SCV  
  20  2:04  Supply Depot  
  20  2:05  Marine  
  20  2:06  Marine  
  22  2:11  SCV  
  23  2:21  Barracks  
  23  2:25  Marine, SCV  
  23  2:27  Marine  
  26  2:38  Barracks Tech Lab  
  26  2:40  SCV  
  26  2:43  Marine  
  28  2:45  Marine  
  28  2:48  Barracks  
  29  2:52  SCV  
  30  2:59  Orbital Command  
  30  3:04  SCV  
  30  3:05  Marine x2  
  32  3:11  Stimpack  
  33  3:18  Supply Depot  
  33  3:19  SCV  
  34  3:23  Marine  
  34  3:24  Marine  
  34  3:26  Barracks Reactor  
  36  3:27  SCV  
  36  3:32  Marine  
  38  3:37  Barracks Reactor  
  38  3:40  SCV  
  39  3:41  Marine  
  39  3:42  Marine  
  39  3:46  Supply Depot  
  39  3:48  SCV  
  42  3:49  Marine  
  42  3:55  SCV  
  44  3:59  Marine  
  44  4:00  SCV, Marine  
  47  4:03  Engineering Bay  
  47  4:07  Marine x3  
  47  4:09  Engineering Bay, SCV  
  51  4:12  SCV  
  51  4:14  Marine x2  
  54  4:25  Supply Depot  
  54  4:26  SCV x2  
  54  4:27  Marine  
  54  4:28  Marine  
  54  4:29  Marine  
  54  4:31  Supply Depot  
  59  4:34  Terran Infantry Weapons Level 1  
  59  4:36  Terran Infantry Armor Level 1  
  59  4:38  SCV  
  60  4:39  Marine  
  60  4:41  Marine  
  62  4:47  Marine x2  
  62  4:50  Marine  
  62  4:51  Combat Shield, Marine  
  62  4:52  Marine  
  66  4:58  Supply Depot  
  67  5:01  SCV  
  67  5:02  Supply Depot  
  67  5:03  SCV  
  67  5:05  Marine  
  67  5:06  Marine  
  71  5:07  Marine  
  72  5:14  Marine x4  
  76  5:22  Marine  
  76  5:23  Marine  
  76  5:25  Marine, Barracks  
  79  5:30  Supply Depot  
  79  5:31  Supply Depot  
  79  5:32  Marine x3  
  82  5:40  Barracks  
  82  5:41  Marine x3  
  85  5:43  Marine  
  86  5:50  Marine x3  
  89  5:58  Marine  
  89  5:59  Marine x2  
  89  6:00  Barracks  
  89  6:01  Marine  
  89  6:02  Supply Depot  
  93  6:05  Supply Depot  
  93  6:07  Marine  
  93  6:08  Marine x2  
  96  6:12  Barracks Reactor  
  96  6:16  Marine x2  
  96  6:17  Marine  
  99  6:19  Marine  
  99  6:25  Marine x3  
  100  6:30  Supply Depot  
  103  6:34  Marine x2, Supply Depot  
  103  6:35  Marine, Barracks Reactor  
  103  6:37  Marine  
  107  6:43  Marine x3  
  107  6:45  Barracks  
  110  6:48  Marine  
  110  6:49  Marine  
  110  6:52  Marine x3  
  115  6:54  Marine  
  115  7:01  Marine x3, Barracks Reactor  
  111  7:06  Marine x2  
  106  7:10  Marine x3  
  106  7:12  Marine  
  106  7:13  Marine x2  
  112  7:19  Marine x3  
  115  7:24  Marine x2  
  115  7:27  Marine  
  115  7:28  Marine x2  
  120  7:30  Marine  
  120  7:31  Marine x2  
  120  7:36  Marine  
  120  7:37  Marine x2  
  123  7:38  Marine x2  
  123  7:41  Barracks Reactor  
  129  7:49  Supply Depot  
  135  7:52  Supply Depot  
Tags
 
Add a new tag
Caveats
  • Supply blocks, unpowered buildings, or Contaminate may cause inaccurate times.
  • Supply counts are checked every 10 seconds.